 Dungeon Crawl Stone Soup version 0.15.0-27-gbdb0435 (webtiles) character file.

9664 Kae the Martial Artist (level 11, -7/77 HPs)
             Began as a Yellow Draconian Transmuter on Sept 11, 2014.
             Was the Champion of Makhleb.
             Mangled by a skeletal warrior
             ... wielding a +0 war axe
              (22 damage)
             ... on Level 11 of the Dungeon.
             The game lasted 00:31:54 (13619 turns).

Kae the Martial Artist (DrTm)                      Turns: 13619, Time: 00:31:55

HP  -7/77        AC 10     Str  9 (12) XL: 11   Next: 26%
MP  14/17        EV 12     Int 14      God: Makhleb [******]
Gold 487         SH  0     Dex 15      Spells:  4 memorised,  3 levels left

rFire  . . .     SeeInvis +       - Unarmed
rCold  . . .     Clarity  .     (armour unavailable)
rNeg   . . .     rCorr    +     (shield currently unavailable)
rPois  .         rRot     .     (helmet restricted)
rElec  .         Spirit   .     D - +2 cloak
SustAb .         Warding  .     I - melded +2 pair of gloves {archery}
rMut   .         Stasis   .     (no boots)
Gourm  .                        (no amulet)
MR     .....                    A - ring of see invisible
                                k - ring of wizardry

@: about to teleport, blade hands (expiring), drained, not resistant to hostile
enchantments, very unstealthy
A: spit acid, acid resistance, unfitting armour, cold-blooded, AC +7
a: Spit Acid, End Transformation, Minor Destruction, Lesser Servant of Makhleb,
Major Destruction, Greater Servant of Makhleb, Renounce Religion


You were on level 11 of the Dungeon.
You worshipped Makhleb.
Makhleb was exalted by your worship.
You were hungry.
Your hands were blades.
You visited 2 branches of the dungeon, and saw 12 of its levels.
You also visited: Labyrinth.

You collected 735 gold pieces.
You spent 248 gold pieces at shops.

Inventory:

Missiles
 b - 88 arrows
 j - 16 arrows of flame
 H - 21 arrows of frost
Armour
 D - a +2 cloak (worn)
 I - a +2 pair of gloves of archery (melded)
Magical devices
 h - a wand of lightning (5)
 l - a wand of confusion (14)
 u - a wand of disintegration (5)
 y - a wand of disintegration (12)
 z - a wand of teleportation (4)
 B - a wand of fireball (5)
 F - a wand of frost (14)
 P - a wand of polymorph (14)
 Y - a wand of paralysis (14)
Comestibles
 a - 6 bread rations
 f - 4 meat rations
 g - 4 beef jerkies
 m - a fruit
 N - 7 royal jellies
Scrolls
 c - a scroll of amnesia
 q - 2 scrolls of remove curse
 w - 5 scrolls of teleportation
 x - 2 scrolls of magic mapping
 K - 4 scrolls of enchant armour
 L - a scroll of recharging
 M - 2 scrolls of silence
 O - 4 scrolls of identify
 Q - a scroll of holy word
Jewellery
 k - a ring of wizardry (left scythe-like blade)
 p - an uncursed ring of flight
 A - a ring of see invisible (right scythe-like blade)
 C - a cursed ring of ice {unknown}
Potions
 e - 3 potions of resistance
 r - a potion of lignification
 s - 2 potions of brilliance
 t - 2 potions of might
 v - 2 potions of porridge
 G - 4 potions of agility
 V - 2 potions of heal wounds
Books
 d - a book of Changes

   Spells                             Type                      Level
   *Beastly Appendage                 Transmutation                1
   *Sticks to Snakes                  Transmutation                2
   *Spider Form                       Transmutation/Poison         3
   Ice Form                           Ice/Transmutation            4
   *Blade Hands                       Transmutation                5
 i - a book of the Tempests

   Spells                             Type                      Level
   Static Discharge                   Conjuration/Air              3
   Lightning Bolt                     Conjuration/Air              5
   Fireball                           Conjuration/Fire             5
   Tornado                            Air                          9
   Shatter                            Earth                        9
 o - a book of Cantrips

   Spells                             Type                      Level
   Corona                             Hexes                        1
   Animate Skeleton                   Necromancy                   1
   Summon Small Mammal                Summoning                    1
   Apportation                        Translocation                1
 J - a book of Hinderance

   Spells                             Type                      Level
   Confusing Touch                    Hexes                        2
   Confuse                            Hexes                        3
   Petrify                            Transmutation/Earth          4
   Leda's Liquefaction                Hexes/Earth                  4
   Metabolic Englaciation             Hexes/Ice                    5
   Summon Mana Viper                  Hexes/Summoning              5
 S - a book of Callings

   Spells                             Type                      Level
   Summon Small Mammal                Summoning                    1
   Call Imp                           Summoning                    2
   Call Canine Familiar               Summoning                    3
   Summon Guardian Golem              Hexes/Summoning              4
   Summon Lightning Spire             Summoning/Air                4
   Summon Ice Beast                   Ice/Summoning                4
 U - a book of Burglary

   Spells                             Type                      Level
   Swiftness                          Charms/Air                   2
   Passwall                           Transmutation/Earth          3
   Passage of Golubria                Translocation                4
   Lee's Rapid Deconstruction         Earth                        5
   Invisibility                       Hexes                        6
   Darkness                           Hexes                        7
 W - a book of Power

   Spells                             Type                      Level
   Fulminant Prism                    Conjuration/Hexes            4
   Iskenderun's Mystic Blast          Conjuration                  4
   Venom Bolt                         Conjuration/Poison           5
   Bolt of Magma                      Conjuration/Fire/Earth       5
   Iron Shot                          Conjuration/Earth            6
   Orb of Destruction                 Conjuration                  7
Magical staves
 n - an uncursed staff of fire {unknown}


   Skills:
 - Level 1.1(0.8) Fighting
 - Level 1.7(1.4) Dodging
 * Level 14.2(13.8) Unarmed Combat
 - Level 2.0(1.6) Spellcasting
 + Level 10.4(10.0) Transmutations


You had 3 spell levels left.
You knew the following spells:

 Your Spells              Type           Power        Failure   Level  Hunger
a - Beastly Appendage     Trmt           ####..       4%          1    ##.....
b - Sticks to Snakes      Trmt           ####......   6%          2    ###....
c - Spider Form           Trmt/Pois      ###.......   22%         3    ####...
d - Blade Hands           Trmt           ####......   26%         5    ######.


Dungeon Overview and Level Annotations

Branches:
Dungeon (11/15)            Temple (1/1) D:4            Lair (0/8) D:10
    Orc: D:9-12

Altars:
Cheibriados
Dithmenos
Elyvilon
Fedhas
Kikubaaqudgha
Makhleb
Sif Muna
Trog
Xom
Yredelemnul
The Shining One

Shops:
D:4 [**[   D:10 !


Innate Abilities, Weirdness & Mutations

You can spit globs of acid.
You can corrode armour when you spit acid.
You are resistant to acid.
Your golden yellow scales are hard (AC +7).
Your body does not fit into most forms of armour.
Your cold-blooded metabolism reacts poorly to cold.


Message History

Your transformation is almost over.
The skeletal warrior hits you with a war axe.
You hit the skeletal warrior.
The skeletal warrior is lightly damaged.
You hit the skeletal warrior.
The skeletal warrior is lightly damaged.
The skeletal warrior closely misses you.
You slash the skeletal warrior!
You tail-slap the skeletal warrior, but do no damage.
The skeletal warrior is moderately damaged.
The skeletal warrior hits you with a war axe!
* * * LOW HITPOINT WARNING * * *
You hit the skeletal warrior but do no damage.
The skeletal warrior is moderately damaged.
Unknown command.
Read which item? (? for menu, Esc to quit)
As you read the scroll of teleportation, it crumbles to dust.
You feel strangely unstable.
The skeletal warrior hits you with a war axe!!
You die...

## #..()# .. +....+
#. #....# #
#.###z...##..
#.....K..##.####
#........##......#
#....######......####
#...z######......+..#
#..zKz@...#......##.#
#...z####.#......##.#
#......##........##.#
###########......##.#
#......##.#
#......##.#
####......##.#
#.........∩..#
#............# #


You could see 4 skeletal warriors and a kobold.

Vanquished Creatures
  A minotaur (Lab)
  2 hill giants (D:10)
  A griffon (D:10)
  Psyche (D:10)
  A centaur skeleton (D:8)
  A queen bee (D:8)
  2 shadows (Lab)
  Eustachio (D:6)
  A hill giant skeleton (D:10)
  Edmund (D:9)
  2 phantoms
  An orc warrior (D:6)
  3 ice beasts
  4 sky beasts
  8 ogres
  2 centaurs
  Duvessa (D:4)
  3 big kobolds
  Blork the orc (D:9)
  6 giant frogs
  2 scorpions
  31 killer bees
  Dowan (D:4)
  A centaur zombie (D:6)
  2 goliath beetles
  6 crimson imps
  A giant frog zombie (D:6)
  7 orc priests
  2 jellies
  A giant frog skeleton (D:8)
  Crazy Yiuf (D:3)
  14 hounds
  3 gnoll shamans (D:8)
  12 orc wizards
  Natasha (D:6)
  4 iguanas
  2 worker ants (D:8)
  An ogre zombie (D:5)
  A big kobold zombie (D:8)
  The ghost of Rafi the Digger, a weakling DsEE (D:4)
  A hound skeleton (D:8)
  10 adders
  14 gnolls
  2 shadow imps
  2 worms
  2 giant mites
  A white imp (D:6)
  An adder zombie (D:6)
  2 iguana skeletons (D:8)
  An iguana zombie (D:8)
  2 orc skeletons
  An adder skeleton (D:8)
  12 giant geckos
  42 orcs
  A ball python (D:6)
  12 bats
  A bat skeleton (D:4)
  A bat zombie (D:5)
  6 giant cockroaches
  12 goblins
  17 hobgoblins
  7 quokkas
  7 giant newts
  A giant spore (D:11)
  14 jackals
  24 kobolds
  An orc zombie (D:8)
  18 rats
352 creatures vanquished.

Vanquished Creatures (collateral kills)
  A worm (D:1)
  A goblin (D:1)
  A bat (D:1)
  A kobold (D:1)
4 creatures vanquished.

Vanquished Creatures (others)
  2 orc wizards (D:6)
  A kobold (D:11)
  5 plants
8 creatures vanquished.

Grand Total: 364 creatures vanquished

Notes
Turn   | Place    | Note
--------------------------------------------------------------
     0 | D:1      | Kae, the Draconian Transmuter, began the quest for the Orb.
     0 | D:1      | Reached XP level 1. HP: 16/16 MP: 3/3
    93 | D:1      | Reached XP level 2. HP: 20/23 MP: 2/4
   211 | D:1      | Learned a level 2 spell: Sticks to Snakes
   611 | D:1      | Reached skill level 4 in Unarmed Combat
   843 | D:1      | Reached XP level 3. HP: 21/28 MP: 1/6
  1540 | D:2      | Reached XP level 4. HP: 35/35 MP: 7/7
  1742 | D:2      | Found a blossoming altar of Fedhas.
  1748 | D:2      | Found a shadowy altar of Dithmenos.
  1748 | D:2      | Found a shimmering altar of Xom.
  1749 | D:2      | Found a deep blue altar of Sif Muna.
  1750 | D:2      | Found a white marble altar of Elyvilon.
  1751 | D:2      | Found a glowing golden altar of the Shining One.
  1978 | D:3      | Noticed Crazy Yiuf
  1984 | D:3      | Learned a level 3 spell: Spider Form
  1994 | D:3      | Killed Crazy Yiuf
  2349 | D:3      | Reached XP level 5. HP: 37/40 MP: 7/9
  2592 | D:4      | Noticed an ogre
  2610 | D:4      | Killed an ogre
  2610 | D:4      | Reached skill level 5 in Unarmed Combat
  2953 | D:4      | Reached XP level 6. HP: 29/47 MP: 10/10
  3039 | D:4      | Found Fifiheorch's Assorted Antiques.
  3065 | D:4      | Bought a slimy green potion for 20 gold pieces
  3065 | D:4      | Bought a pair of runed gloves for 103 gold pieces
  3098 | D:4      | Noticed a sky beast
  3102 | D:4      | Noticed Rafi's ghost (weakling DsEE)
  3463 | D:4      | Reached skill level 6 in Unarmed Combat
  3489 | D:4      | Found Larybla's Armour Shoppe.
  3633 | D:4      | Killed Rafi's ghost
  3659 | D:4      | Found a staircase to the Ecumenical Temple.
  3702 | Temple   | Entered the Ecumenical Temple
  3845 | Temple   | Became a worshipper of Makhleb the Destroyer
  4213 | D:4      | Found Jiwixak's Assorted Antiques.
  4222 | D:4      | Bought a scroll labeled TOAHOV EWUCWYSK for 24 gold pieces
  4317 | D:4      | Noticed Dowan
  4319 | D:4      | Noticed Duvessa
  4336 | D:4      | Killed Duvessa
  4347 | D:4      | Killed Dowan
  4430 | D:4      | Found Kokhuuf's Armour Emporium.
  4449 | D:4      | Your scales start taking on a golden yellow colour.
  4449 | D:4      | Reached XP level 7. HP: 47/52 MP: 12/12
  4672 | D:4      | Bought a sedimented silvery potion for 21 gold pieces
  4672 | D:4      | Bought a scroll of identify for 48 gold pieces
  4834 | D:5      | Entered Level 5 of the Dungeon
  4867 | D:5      | Found a bloodstained altar of Trog.
  4983 | D:5      | Reached skill level 7 in Unarmed Combat
  5033 | D:5      | Acquired Makhleb's first power
  5091 | D:5      | Reached skill level 5 in Transmutations
  5501 | D:6      | Noticed Eustachio
  5560 | D:6      | Killed Eustachio
  5560 | D:6      | Reached skill level 8 in Unarmed Combat
  5560 | D:6      | Reached XP level 8. HP: 39/59 MP: 9/13
  5636 | D:6      | Found a basalt altar of Yredelemnul.
  5787 | D:6      | Found a deep blue altar of Sif Muna.
  5997 | D:6      | Acquired Makhleb's second power
  6028 | D:6      | Reached skill level 9 in Unarmed Combat
  6522 | D:6      | Noticed Natasha
  6534 | D:6      | Killed Natasha
  6982 | D:7      | Reached skill level 10 in Unarmed Combat
  7017 | D:7      | Learned a level 5 spell: Blade Hands
  7038 | D:7      | Reached XP level 9. HP: 58/64 MP: 11/14
  7628 | D:7      | Acquired Makhleb's third power
  8228 | D:8      | Reached skill level 11 in Unarmed Combat
  8439 | D:8      | Acquired Makhleb's fourth power
  8656 | D:8      | Noticed a centaur skeleton
  8666 | D:8      | Killed a centaur skeleton
  8771 | D:8      | Reached XP level 10. HP: 71/71 MP: 13/16
  8774 | D:8      | Reached skill level 12 in Unarmed Combat
  9091 | D:8      | Acquired Makhleb's fifth power
 10641 | D:9      | Noticed Blork the orc
 10648 | D:9      | HP: 3/71 [poisoned by a killer bee]
 11031 | D:9      | Reached skill level 13 in Unarmed Combat
 11171 | D:9      | Killed Blork the orc
 11323 | D:9      | Noticed Edmund
 11332 | D:9      | Killed Edmund
 11709 | D:10     | Entered Level 10 of the Dungeon
 11748 | D:10     | Noticed Psyche
 11756 | D:10     | Killed Psyche
 11821 | D:10     | Noticed a hill giant
 11834 | D:10     | Killed a hill giant
 12059 | D:10     | Noticed a hill giant
 12068 | D:10     | Killed a hill giant
 12159 | D:10     | Found Froleid's Distillery.
 12176 | D:10     | Bought a potion of mutation for 32 gold pieces
 12200 | D:10     | Found a staircase to the Lair.
 12223 | D:10     | Reached skill level 10 in Transmutations
 12309 | D:10     | Reached XP level 11. HP: 74/77 MP: 15/17
 12335 | D:10     | Noticed a griffon
 12352 | D:10     | Killed a griffon
 12664 | D:11     | Found a labyrinth entrance.
 12674 | Lab      | Entered a labyrinth
 13046 | Lab      | Noticed a minotaur
 13094 | Lab      | Killed a minotaur
 13094 | Lab      | Reached skill level 14 in Unarmed Combat
 13585 | D:11     | Noticed a skeletal warrior
 13586 | D:11     | Noticed a skeletal warrior
 13587 | D:11     | Noticed a skeletal warrior
 13612 | D:11     | Noticed a skeletal warrior
 13619 | D:11     | Mangled by a skeletal warrior

Action                   |  1- 3 |  4- 6 |  7- 9 | 10-12 || total
-------------------------+-------+-------+-------+-------++-------
Melee: Unarmed           |   129 |   252 |   579 |   469 ||  1429
 Cast: Beastly Appendage |    13 |    15 |    26 |    28 ||    82
       Sticks to Snakes  |     5 |     4 |       |     2 ||    11
       Spider Form       |       |     8 |    11 |     7 ||    26
       Blade Hands       |       |       |     1 |     7 ||     8
 Abil: Spit Acid         |       |       |     2 |     1 ||     3
       Evoke Flight      |       |       |     1 |       ||     1
Evoke: Wand              |       |       |     2 |     6 ||     8
  Use: Scroll            |       |     9 |    11 |     3 ||    23
       Potion            |       |     2 |     2 |     6 ||    10
 Stab: Sleeping          |       |       |     1 |       ||     1
       Distracted        |       |       |       |     2 ||     2
  Eat: Chunk             |     3 |     9 |    17 |    15 ||    44
       Fruit             |       |     1 |     2 |     3 ||     6
       Pizza             |       |       |       |     1 ||     1
